 Dungeon Crawl Stone Soup version 0.28-a0-691-gad6df49e81 (webtiles) character file.

Game seed: 11399498545349634144

90426 bellsore the Metallomancer (level 16, -2/114 HPs)
             Began as a Gargoyle Earth Elementalist on Oct 21, 2021.
             Was a High Priest of Vehumet.
             Slain by a ghost moth (7 damage)
             ... on level 1 of the Spider Nest.
             The game lasted 02:23:02 (32490 turns).

bellsore the Metallomancer (GrEE)                  Turns: 32490, Time: 02:23:03

Health: -2/114     AC: 28    Str:  9 (13) XL:     16   Next: 0%
Magic:  0/35       EV:  2    Int: 20 (22) God:    Vehumet [*****.]
Gold:   867        SH:  3    Dex:  7 (10) Spells: 5/45 levels left

rFire   . . .      SeeInvis .   d - staff of conjuration
rCold   . . .      Faith    .   X - +0 buckler
rNeg    + . .      Spirit   .   (armour currently unavailable)
rPois   ∞          Reflect  .   (helmet currently unavailable)
rElec   .          Harm     .   (cloak currently unavailable)
rCorr   .          Rampage  .   (gloves currently unavailable)
Will    ++...      NoTele   +   (boots currently unavailable)
Stlth   ++........              i - amulet of magic regeneration
HPRegen 0.29/turn               g - ring of wizardry
MPRegen 0.49/turn               n - ring of willpower

@: tree-form (expiring)
A: stationary, stasis, torment immunity, boosted hp, sickness immunity, AC +12,
(big wings), negative energy resistance 1, (electricity resistance), torment
resistance 1, petrification resistance
a: Renounce Religion


You were on level 1 of the Spider Nest.
You worshipped Vehumet.
Vehumet was extremely pleased with you.
You were a tree.
You visited 5 branches of the dungeon, and saw 25 of its levels.

You collected 2527 gold pieces.
You spent 1660 gold pieces at shops.

Inventory:

Hand Weapons
 v - a +0 flail of holy wrath
 E - a +3 mace of flaming
Missiles
 c - 471 stones
Armour
 q - a +2 hat
 y - a +0 kite shield
 A - a +2 robe of willpower
 D - +1 steam dragon scales (melded)
 G - a +0 cloak (melded)
 M - a +1 robe of positive energy
 V - a +2 helmet (melded)
 X - a +0 buckler (worn)
Magical Staves
 d - a staff of conjuration (weapon)
 F - a staff of earth
Jewellery
 g - a ring of wizardry (left branch)
 i - an amulet of magic regeneration (around neck)
 k - a +6 ring of dexterity
 n - a ring of willpower (right branch)
 B - a ring of wizardry
 J - a ring of fire
 L - a ring of protection from fire
 Z - a ring of resist corrosion
Wands
 h - a wand of iceblast (8)
 p - a wand of digging (4)
 w - a wand of mindburst (13)
 K - a wand of charming (10)
 P - a wand of flame (125)
 T - a wand of acid (29)
 W - a wand of paralysis (16)
Scrolls
 e - 8 scrolls of identify
 j - 2 scrolls of amnesia
 l - 4 scrolls of fear
 o - 7 scrolls of magic mapping
 C - 5 scrolls of teleportation
 H - 2 scrolls of enchant weapon
 I - 3 scrolls of summoning
 N - 2 scrolls of enchant armour
Potions
 a - 4 potions of might
 f - 3 potions of curing
 m - 5 potions of heal wounds
 r - 8 potions of brilliance
 t - 7 potions of ambrosia
 x - a potion of magic
 Q - a potion of lignification
 R - 4 potions of haste
 S - a potion of resistance
Miscellaneous
 b - a phial of floods (inert)


   Skills:
 - Level 3.4 Staves
 - Level 1.5 Dodging
 - Level 2.1 Stealth
 - Level 2.0 Shields
 + Level 15.3 Spellcasting
 - Level 10.9 Conjurations
 - Level 0.7 Transmutations
 * Level 21.9 Earth Magic
 - Level 7.0 Evocations


You had 5 spell levels left.
You knew the following spells:

 Your Spells              Type           Power      Damage    Failure   Level
a - Sandblast             Erth           100%       2d20      0%          1
b - Stone Arrow           Conj/Erth      100%       3d13      0%          3
c - Iron Shot             Conj/Erth      44%        9d9       1%          6
d - Borgnjor's Vile Clut  Necr/Erth      28%        N/A       1%          5
e - Fulminant Prism       Conj/Hex       27%        3d14      1%          4
f - Iskenderun's Mystic   Conj/Tloc      54%        2d12      1%          4
g - Lehudib's Crystal Sp  Conj/Erth      44%        10d11     4%          8
h - Shatter               Erth           40%        3d31*     8%          9

Your spell library contained the following spells:

 Spells                   Type           Power      Damage    Failure   Level
 Orb of Destruction       Conj           36%        9d13      6%          7
 Beastly Appendage        Tmut           36%        N/A       1%          1
 Freeze                   Ice            60%        1d8       1%          1
 Sting                    Tmut/Pois      64%        1d6       1%          1
 Passwall                 Tmut/Erth      47%        N/A       1%          2
 Poisonous Vapours        Pois/Air       30%        N/A       1%          2
 Scorch                   Fire           30%        2d6       1%          2
 Frozen Ramparts          Ice            30%        1d5       1%          3
 Animate Armour           Summ/Erth      100%       N/A       1%          4
 Flame Wave               Conj/Fire      54%        3d10      1%          4
 Hailstorm                Conj/Ice       54%        3d12      1%          4
 Petrify                  Tmut/Erth      57%        N/A       1%          4
 Wereblood                Tmut           18%        N/A       2%          2
 Spider Form              Tmut/Pois      8%         N/A       5%          3
 Olgreb's Toxic Radiance  Pois           15%        N/A       6%          4
 Ice Form                 Ice/Tmut       16%        N/A       17%         4
 Animate Dead             Necr           7%         N/A       21%         4
 Passage of Golubria      Tloc           15%        N/A       21%         4
 Blade Hands              Tmut           9%         N/A       38%         5
 Silence                  Hex/Air        7%         N/A       45%         5
 Summon Forest            Summ/Tloc      7%         N/A       45%         5
 Eringya's Noxious Bog    Tmut/Pois      8%         N/A       50%         6
 Death Channel            Necr           7%         N/A       95%         6
 Simulacrum               Ice/Necr       7%         N/A       95%         6
 Summon Cactus Giant      Summ           7%         N/A       95%         6
 Summon Hydra             Summ           7%         N/A       100%        7
 Chain Lightning          Conj/Air       27%        3d36      100%        9
 Fire Storm               Conj/Fire      27%        8d7       100%        9


Dungeon Overview and Level Annotations

Branches:
Dungeon (15/15)            Temple (1/1) D:7            Lair (5/6) D:9
 Shoals (0/4) Lair:3       Spider (2/4) Lair:3        Slime (0/5) Lair:5
    Orc (2/2) D:11            Elf (0/3) Orc:2        Vaults (0/5) D:13
 Depths (0/4) D:15

Altars:
Dithmenos
Elyvilon
Fedhas
Gozag
Kikubaaqudgha
Makhleb
Nemelex Xobeh
Okawaru
Qazlal
Sif Muna
Trog
Uskayaw
Vehumet
Wu Jian
Xom
Yredelemnul
The Shining One
Beogh
Jiyva

Shops:
D:5 *   D:7 !*!!   D:11 *   Orc:2 !!=:[

Portals:
Trove: D:12 (give ring of the Tortoise)

Annotations:
D:4 1 runed translucent door, Crazy Yiuf
D:9 exclusion: 2 doors
Lair:1 exclusion: 4 oklob plants
Spider:1 1 runed translucent door, krigyl's ghost, journeyman FeWz
Orc:1 1 runed translucent door, Gukkel's ghost, journeyman DrGl


Innate Abilities, Weirdness & Mutations

You are a tree.
Your roots penetrate the ground, keeping you stationary.
You cannot be teleported.
You are immune to unholy pain and torment.
Your maximum health is greatly increased.
Your equipment is partially melded.
You are immune to sickness and miasma.
((Your stone body is resilient. (AC +12)))
You are immune to poison.
((Your large and strong wings let you fly.))
You resist negative energy. (rN+)
((You are resistant to electric shocks. (rElec)))
You are resistant to unholy torment.
You are immune to petrification.


Message History

Something hits you but does no damage. x2
Something stings you but does no damage.
You feel much better. Something hits you.
* * * LOW HITPOINT WARNING * * *
You feel weakened. Something hits you but does no damage.
You block something's attack.
Unknown command.
Casting: Sandblast (safe; 0% risk of failure)
Confirm with . or Enter, or press ? or * to list all spells.
Aiming: Sandblast (safe; 0% risk of failure)
Press: ? - help, Shift-Dir - straight line The blast of sand hits something!
c - 471 stones Something hits you!
* * * LOW HITPOINT WARNING * * *
You feel dopey. Something completely misses you. You block something's attack.
You hit something but do no damage.
You feel you are being watched by something.
You feel your power leaking away.
Something hits you but does no damage. x2
Something stings you but does no damage.
You hit something.
You blast something.
You feel you are being watched by something.
You feel your power leaking away. Something hits you but does no damage.
Something hits you.
* * * LOW HITPOINT WARNING * * *
Something stings you but does no damage.
Something hits you.
* * * LOW HITPOINT WARNING * * *
You feel clumsy. Something hits you but does no damage.
Something stings you but does no damage.
You hit something.
You blast something!
You feel you are being watched by something.
Something hits you!
* * * LOW HITPOINT WARNING * * *
You feel weakened. Something hits you!
You die...

######################
....#..##..##.#......#
#^....###.†...#..#...#
...#..#...#...#.♣{##.#
†.##...†....#...#.>.##
#.#..#..†#..#...#.#..#
.###...†#####..#...(.#
.#....###.#..^#.##.###
.....##..............#
#..#..##..#.##^#.#..##
##.##.#...##.#.##....#
.###..##........#..###


There were no monsters in sight!

Vanquished Creatures
  Arachne (Spider:2)
  Rupert (D:11)
  An emperor scorpion (Spider:2)
  A very ugly thing (D:15)
  2 entropy weavers (Spider:1)
  Snorg (Lair:5)
  Josephine (Spider:1)
  3 hydras
  4 vault guards (D:13)
  A catoblepas (Lair:4)
  4 ogre magi
  Erolcha (D:13)
  3 boulder beetles
  2 death knights
  2 two-headed ogres (D:11)
  2 centaur warriors
  An orc high priest (Orc:1)
  Urug (Lair:1)
  Nergalle (Lair:1)
  Sonja (Lair:1)
  A skeletal warrior (D:15)
  A glowing orange brain (D:15)
  A deep elf archer (D:13)
  2 phantasmal warriors
  2 orc knights
  Pikel (D:3)
  4 deep elf pyromancers
  3 orb spiders (Spider:1)
  7 deep elf zephyrmancers (Orc:2)
  4 wolf spiders (Spider:1)
  14 ugly things
  8 orc sorcerers
  6 cyclopes
  2 manticores
  4 elephants (Lair:5)
  A black mamba (Lair:1)
  Maurice (D:8)
  9 cane toads
  A gargoyle (D:13)
  Psyche (D:8)
  A yaktaur (D:13)
  7 komodo dragons
  3 rime drakes
  2 efreet
  Maggie (D:7)
  3 freezing wraiths
  A yaktaur (shapeshifter) (D:14)
  4 tengu conjurers (D:14)
  A demonic crawler (Spider:2)
  5 trolls
  8 jumping spiders
  Prince Ribbit (D:5)
  A queen bee (shapeshifter) (D:15)
  A queen bee (Orc:1)
  A hornet (Spider:1)
  17 blink frogs
  7 dream sheep (Lair:4)
  9 slime creatures
  A raiju (shapeshifter) (D:15)
  A centaur simulacrum (D:15)
  20 redbacks
  A shadow (D:11)
  2 wyverns
  3 water elementals (D:13)
  5 tarantellas
  2 vampires
  22 yaks
  Grum (D:8)
  3 basilisks
  14 wraiths
  Eustachio (D:4)
  5 vampire mosquitoes
  2 steam dragons
  A warg (Orc:1)
  13 water moccasins
  19 orc warriors
  An ice beast (D:6)
  A sky beast (D:8)
  A necrophage (D:7)
  13 wolves
  9 ogres
  2 phantoms
  6 centaurs
  4 lemures
  3 kobold brigands
  4 gnoll sergeants
  14 bullfrogs
  A wyvern zombie (D:6)
  A wyvern skeleton (D:6)
  43 killer bees
  3 wights (D:7)
  7 electric eels
  6 howler monkeys (D:7)
  A jelly (D:4)
  3 centaur zombies
  15 orc priests
  8 hounds (D:7)
  5 gnoll shamans
  7 iguanas
  39 orc wizards
  A killer bee zombie (D:5)
  A hound zombie (D:5)
  3 howler monkey skeletons (D:7)
  30 gnolls
  4 adders
  2 shadow imps
  A white imp (D:5)
  3 dart slugs
  64 orcs
  An endoplasm (D:2)
  2 giant cockroaches
  4 hobgoblins
  3 jackals (D:3)
  10 kobolds
  7 quokkas
  5 ball pythons
  5 bats
  2 frilled lizards (D:1)
  5 goblins
  18 rats (D:2)
  A butterfly (D:7)
665 creatures vanquished.

Vanquished Creatures (others)
  56 fulminant prisms
  8 fungi
  14 plants
78 creatures vanquished.

Grand Total: 743 creatures vanquished

Notes
Turn   | Place    | Note
-------+----------+-------------------------------------------
     0 | D:1      | bellsore the Gargoyle Earth Elementalist began the quest
                  | for the Orb.
     0 | D:1      | Reached XP level 1. HP: 10/10 MP: 3/3
   186 | D:1      | Reached XP level 2. HP: 15/15 MP: 0/5
   240 | D:1      | Found a faded altar of an unknown god.
   255 | D:1      | Reached skill level 4 in Earth Magic
   967 | D:2      | Reached XP level 3. HP: 10/19 MP: 6/6
  1018 | D:2      | Reached skill level 1 in Conjurations
  1395 | D:2      | Learned a level 3 spell: Stone Arrow
  1793 | D:2      | Reached XP level 4. HP: 24/24 MP: 6/8
  2519 | D:4      | Noticed Eustachio
  2624 | D:4      | Killed Eustachio
  2625 | D:4      | Reached skill level 5 in Earth Magic
  2625 | D:4      | Reached XP level 5. HP: 15/28 MP: 5/10
  2770 | D:4      | Reached XP level 6. HP: 32/32 MP: 7/11
  2800 | D:4      | Noticed Pikel
  3052 | D:3      | HP: 1/32 [lemure[Pikel] (5)]
  3479 | D:4      | Found a runed translucent door.
  3480 | D:4      | Noticed Crazy Yiuf
  3572 | D:4      | You fall into a shaft and drop 1 floor!
  3572 | D:5      | Entered Level 5 of the Dungeon
  3572 | D:5      | Noticed a vampire
  3972 | D:5      | Noticed Prince Ribbit
  3979 | D:5      | Killed Prince Ribbit
  3980 | D:5      | Reached skill level 6 in Earth Magic
  3980 | D:5      | Reached XP level 7. HP: 28/36 MP: 1/14
  4017 | D:5      | Reached skill level 7 in Earth Magic
  4166 | D:5      | Reached skill level 5 in Spellcasting
  4656 | D:5      | Killed a vampire
  4674 | D:5      | Reached skill level 8 in Earth Magic
  4674 | D:5      | Reached XP level 8. HP: 30/41 MP: 2/16
  4803 | D:5      | Found Taattarch's Overcharged Wands.
  5388 | D:5      | Reached skill level 9 in Earth Magic
  5916 | D:6      | Reached XP level 9. HP: 45/45 MP: 10/19
  6086 | D:6      | Reached skill level 10 in Earth Magic
  6535 | D:3      | Killed Pikel
  6651 | D:7      | Found Ywkydiux's Distillery.
  6953 | D:7      | Reached skill level 11 in Earth Magic
  7223 | D:7      | Noticed Maggie
  7398 | D:7      | Found Rusofit's Distillery.
  7445 | D:7      | Killed Maggie
  7446 | D:7      | Reached skill level 12 in Earth Magic
  7446 | D:7      | Reached XP level 10. HP: 42/50 MP: 5/23
  7509 | D:7      | Found Arghituecy's Assorted Antiques.
  7512 | D:7      | Bought a blackened onyx ring for 80 gold pieces
  7512 | D:7      | Bought a triangular copper amulet for 80 gold pieces
  8251 | D:7      | Found a staircase to the Ecumenical Temple.
  8275 | Temple   | Entered the Ecumenical Temple
  8303 | Temple   | Became a worshipper of Vehumet
  8428 | D:7      | Found Duef's Distillery.
  8608 | D:7      | Reached skill level 13 in Earth Magic
  8650 | D:7      | Reached skill level 10 in Spellcasting
  8865 | D:7      | Learned a level 6 spell: Iron Shot
  8871 | D:7      | Learned a level 5 spell: Borgnjor's Vile Clutch
  9154 | D:8      | Noticed Grum
  9160 | D:8      | Killed Grum
  9350 | D:8      | Noticed Psyche
  9361 | D:8      | Killed Psyche
  9556 | D:8      | Noticed Maurice
  9559 | D:8      | Killed Maurice
  9560 | D:8      | Reached XP level 11. HP: 54/54 MP: 10/25
 10022 | D:9      | Reached * piety under Vehumet
 10022 | D:9      | Offered knowledge of Magic Dart by Vehumet.
 10176 | D:9      | Reached skill level 5 in Conjurations
 10297 | D:9      | Reached skill level 14 in Earth Magic
 10555 | D:9      | Found a staircase to the Lair.
 11197 | D:10     | Entered Level 10 of the Dungeon
 11230 | Lair:1   | Entered Level 1 of the Lair of Beasts
 11286 | Lair:1   | Noticed Nergalle
 11293 | Lair:1   | Killed Nergalle
 11463 | Lair:1   | Noticed Sonja
 11471 | Lair:1   | Killed Sonja
 11773 | Lair:1   | Noticed an oklob plant
 11773 | Lair:1   | Noticed an oklob plant
 11774 | Lair:1   | Noticed an oklob plant
 12168 | Lair:1   | Noticed Urug
 12374 | Lair:1   | Killed Urug
 13295 | D:10     | Reached ** piety under Vehumet
 13295 | D:10     | Offered knowledge of Searing Ray by Vehumet.
 13296 | D:10     | Reached skill level 15 in Earth Magic
 13437 | D:9      | Reached XP level 12. HP: 44/59 MP: 21/27
 13781 | D:10     | Found a shimmering blue altar of Sif Muna.
 14149 | D:11     | Found Ajoaco's CLEARANCE SALE!.
 14254 | D:10     | Identified a scroll of acquirement
 14254 | D:10     | Acquired a staff of conjuration
 14334 | D:11     | Noticed a two-headed ogre
 14338 | D:11     | Killed a two-headed ogre
 14339 | D:11     | Reached skill level 1 in Shields
 14339 | D:11     | Reached skill level 1 in Evocations
 14502 | D:11     | Noticed a boulder beetle
 14510 | D:11     | Killed a boulder beetle
 14586 | D:11     | Found a staircase to the Orcish Mines.
 15149 | D:12     | Noticed Rupert
 15152 | D:12     | Paralysed by Rupert for 5 turns
 15406 | D:11     | Killed Rupert
 15703 | D:12     | Offered knowledge of Inner Flame by Vehumet.
 16346 | D:12     | Found a portal to a secret trove of treasure.
 16532 | D:13     | Reached skill level 5 in Evocations
 16735 | D:13     | Noticed Erolcha
 16741 | D:13     | Killed Erolcha
 16750 | D:13     | Noticed a death knight
 17147 | D:12     | Reached skill level 16 in Earth Magic
 17632 | Orc:1    | Entered Level 1 of the Orcish Mines
 17632 | Orc:1    | Noticed a two-headed ogre
 17640 | D:11     | Killed a two-headed ogre
 17641 | D:11     | Reached XP level 13. HP: 52/63 MP: 13/28
 17791 | Orc:1    | Noticed Gukkel's ghost (journeyman DrGl)
 17870 | Orc:1    | Reached *** piety under Vehumet
 18185 | Orc:1    | Offered knowledge of Fulminant Prism by Vehumet.
 18205 | Orc:1    | Learned a level 4 spell: Fulminant Prism
 18297 | Orc:1    | Found a runed translucent door.
 18340 | Orc:1    | Noticed an orc warlord
 18448 | Orc:1    | Reached **** piety under Vehumet
 18451 | Orc:1    | Reached skill level 10 in Conjurations
 18554 | Orc:1    | Offered knowledge of Dazzling Flash by Vehumet.
 18835 | Orc:2    | Entered Level 2 of the Orcish Mines
 19216 | Orc:2    | Found Cangebrext's Distillery.
 19446 | Orc:2    | Reached skill level 1 in Staves
 19998 | Orc:2    | Found a staircase to the Elven Halls.
 20139 | Orc:2    | Reached ***** piety under Vehumet
 20189 | Orc:2    | Offered knowledge of Iskenderun's Mystic Blast by Vehumet.
 20198 | Orc:2    | Learned a level 4 spell: Iskenderun's Mystic Blast
 20217 | Orc:2    | Found Lyheaz's Jewellery Emporium.
 20265 | Orc:2    | Found an ancient bone altar of Kikubaaqudgha.
 20276 | Orc:2    | Found Paunui's Book Emporium.
 20324 | Orc:2    | Reached skill level 17 in Earth Magic
 20326 | Orc:2    | Bought a book of Annihilations for 900 gold pieces
 20326 | Orc:2    | Bought a book of the Moon for 600 gold pieces
 20335 | Orc:2    | Learned a level 8 spell: Lehudib's Crystal Spear
 20368 | Orc:2    | Found a radiant altar of Vehumet.
 20390 | Orc:2    | Found Sure's Antique Armour Emporium.
 20392 | Orc:2    | Found Cuem's Distillery.
 21219 | D:13     | Noticed a vault guard
 21228 | D:13     | Gained mutation: Your large and strong wings let you fly.
                  | [Gargoyle growth]
 21228 | D:13     | Reached XP level 14. HP: 68/68 MP: 23/30
 21288 | D:13     | HP: 3/68 [yaktaur/bolt (23)]
 22154 | D:13     | Reached skill level 18 in Earth Magic
 22279 | D:13     | Found a gate to the Vaults.
 23976 | D:15     | Entered Level 15 of the Dungeon
 24064 | D:15     | Learned a level 9 spell: Shatter
 24942 | D:15     | Reached skill level 19 in Earth Magic
 25210 | D:15     | Noticed a cyan very ugly thing
 25400 | D:15     | Killed a cyan very ugly thing
 25444 | D:15     | Found a staircase to the Depths.
 26098 | Lair:2   | Offered knowledge of Yara's Violent Unravelling by Vehumet.
 26321 | Lair:2   | Reached XP level 15. HP: 72/72 MP: 28/33
 27495 | Lair:3   | Reached skill level 20 in Earth Magic
 27596 | Lair:3   | Found a staircase to the Shoals.
 27735 | Lair:3   | Found a hole to the Spider Nest.
 28800 | Lair:4   | Offered knowledge of Spellforged Servitor by Vehumet.
 29481 | Lair:5   | Found a viscous altar of Jiyva.
 29481 | Lair:5   | Found a staircase to the Slime Pits.
 29839 | Lair:5   | Noticed Snorg
 29843 | Lair:5   | Killed Snorg
 30168 | Lair:5   | Acquired a staff of earth
 30340 | Lair:5   | Reached skill level 21 in Earth Magic
 30665 | Spider:1 | Entered Level 1 of the Spider Nest
 30890 | Spider:1 | Reached skill level 15 in Spellcasting
 31140 | Spider:1 | Noticed Josephine
 31315 | Spider:1 | Killed Josephine
 32046 | Spider:1 | Offered knowledge of Orb of Destruction by Vehumet.
 32142 | Spider:1 | Found a runed translucent door.
 32142 | Spider:1 | Found a shimmering altar of Xom.
 32143 | Spider:1 | Noticed krigyl's ghost (journeyman FeWz)
 32309 | Spider:2 | Noticed an emperor scorpion
 32317 | Spider:2 | Killed an emperor scorpion
 32418 | Spider:2 | Noticed Arachne
 32426 | Spider:2 | Killed Arachne
 32427 | Spider:2 | Reached XP level 16. HP: 70/76 MP: 3/35
 32485 | Spider:1 | HP: 4/114 [something (10)]
 32490 | Spider:1 | HP: 5/114 [something (9)]
 32490 | Spider:1 | Slain by a ghost moth

Illustrated notes

Levels and vault maps discovered:
D:1:      shiori_arrival_elements, layout_basic, ebering_ecumenical_altar_box
D:2:      layout_basic, minmay_rat_hole
D:3:      layout_basic
D:4:      layout_cave_pools, uniq_pikel, uniq_eustachio, uniq_crazy_yiuf_cottage
D:5:      kennysheep_big_flooded_room, layout_basic,
          nicolae_shop_overcharged_wands, uniq_prince_ribbit1
D:6:      layout_basic, st_stairs_5
D:7:      lemuel_castle_with_subvaults [lemuel_castle_interior_original],
          layout_basic, minmay_temple_entry_butterflies, serial_shops,
          kennysheep_mini_moat, nicolae_take_the_stairs,
          nicolae_shop_competitors_out_of_business, nicolae_shop_trees,
          kennysheep_small_square, uniq_maggie
D:8:      layout_loops_ring, uniq_psyche, uniq_maurice, uniq_grum
D:9:      minmay_chambers_of_sevens, layout_basic, david_lair_shrubbed
D:10:     layout_small_grid, marbit_many_paths, enter_bailey_6
D:11:     layout_stronghold, orc_0_dummy, nicolae_shop_clearance
D:12:     layout_basic, enter_trove_6, blue_anna_alchemist, uniq_rupert
D:13:     layout_basic, grunt_vaults_entry_fortified, nrook_mini_backslash,
          minmay_misc_feat_tiny, uniq_erolcha
D:14:     layout_irregular_city, minmay_misc_feat_x
D:15:     gammafunk_enter_depths_forms, layout_basic, hangedman_decor_riveting
Temple:   grunt_wide_crystal_templ
Lair:1:   dpeg_oklob_gauntlet, layout_long_grid, uniq_urug, uniq_nergalle,
          uniq_sonja
Lair:2:   layout_layer_cave, minivault_11, serial_bayou_shore_a,
          lemuel_fruit_tree
Lair:3:   layout_regular_city, elwin_shoals_entry_rocks,
          nicolae_spider_entry_tight_spaces, serial_bayou_shore_b
Lair:4:   layout_long_grid, minivault_19, grunt_megastairs_1
Lair:5:   layout_regular_city, slime_altar_1, uniq_snorg
Spider:1: layout_spider_delve, ebering_ghost_xom, special_room, uniq_josephine
Spider:2: layout_spider_delve, nicolae_spider_not_touching_you, uniq_arachne
Orc:1:    layout_diamond_mine, special_room [special_room_bee],
          hellmonk_ghost_happy_afterlife, bh_open_orc_temple
Orc:2:    kennysheep_orc_mage_school, layout_caves, serial_shops, shop_statue,
          nicolae_orc_bridge_out, elves_outpost_lemuel

Skill      XL: |  1  2  3  4  5  6  7  8  9 10 11 12 13 14 15 |
---------------+----------------------------------------------+-----
Earth Magic    | 4 5 6 8 9 12 13 15 16 17 19 21 | 21.9
Conjurations   | 1 3 4 7 9 10 | 10.9
Spellcasting   | 3 4 5 7 9 10 11 12 14 15 | 15.3
Shields        | 2 |  2.0
Evocations     | 6 7 |  7.0
Staves         | 3 |  3.4
Dodging        | |  1.5
Stealth        | |  2.1
Transmutations | |  0.7

Action                   |  1- 3 |  4- 6 |  7- 9 | 10-12 | 13-15 | 16-18 || total
-------------------------+-------+-------+-------+-------+-------+-------++-------
Melee: Club              |    60 |    16 |       |       |       |       ||    76
       Flail             |       |       |    10 |       |       |       ||    10
       Mace              |       |       |    15 |    93 |       |       ||   108
       Staff             |       |       |       |     1 |    57 |    21 ||    79
 Cast: Sandblast         |    42 |    50 |    37 |    58 |    37 |     2 ||   226
       Stone Arrow       |     1 |     9 |    91 |   217 |   406 |       ||   724
       Iron Shot         |       |       |       |    54 |    95 |       ||   149
       Borgnjor's Vile C |       |       |       |    22 |    38 |       ||    60
       Fulminant Prism   |       |       |       |       |    56 |       ||    56
       Iskenderun's Myst |       |       |       |       |    16 |       ||    16
       Lehudib's Crystal |       |       |       |       |     8 |       ||     8
Evoke: Wand              |       |       |       |     1 |       |     1 ||     2
       Phial of floods   |       |       |       |       |     2 |       ||     2
  Use: Potion            |       |     2 |     1 |       |     8 |     6 ||    17
       Scroll            |       |       |       |    20 |     5 |     1 ||    26
 Stab: Sleeping          |       |       |     1 |     2 |       |       ||     3
Armor: Robe              |    18 |    23 |     8 |       |       |       ||    49
       Steam dragon scal |       |       |    30 |   157 |   188 |    25 ||   400
       Skin              |       |       |       |       |       |    67 ||    67
Dodge: Dodged            |    46 |    37 |    63 |   201 |   148 |     2 ||   497
Block: Buckler           |       |       |       |    11 |    47 |     7 ||    65

Table legend: (Time is in decaauts)
 A = Elapsed time spent in this place.
 B = Non-inter-level travel time spent in this place.
 C = Inter-level travel time spent in this place.
 D = Time resting spent in this place.
 E = Time spent auto-exploring this place.
 F = Levels seen in this place.
 G = Mean time per level.
                   A        B        C        D        E       F      G
               +--------+--------+--------+--------+--------+-----+--------+
         Total |  32628 |  30704 |   1924 |  10983 |  14234 |  25 | 1305.1 |
       Dungeon |  20844 |  19516 |   1328 |   7734 |   8726 |  15 | 1389.6 |
        Temple |     41 |     29 |     12 |      0 |     15 |   1 |   41.0 |
          Lair |   6975 |   6570 |    405 |   1668 |   3569 |   5 | 1395.0 |
   Spider Nest |   1724 |   1677 |     47 |    624 |    743 |   2 |  862.0 |
  Orcish Mines |   3043 |   2912 |    131 |    956 |   1181 |   2 | 1521.5 |
               +--------+--------+--------+--------+--------+-----+--------+

Top non-repeatable levels by time:
     D:7: 2362 daAuts
  Lair:1: 2225 daAuts
    D:12: 2081 daAuts
    D:13: 1981 daAuts
   Orc:2: 1704 daAuts
    D:11: 1678 daAuts
     D:9: 1649 daAuts
    D:15: 1643 daAuts
Spider:1: 1470 daAuts
  Lair:2: 1383 daAuts
   Orc:1: 1338 daAuts
  Lair:3: 1283 daAuts
     D:2: 1250 daAuts
     D:6: 1244 daAuts
     D:3: 1187 daAuts
